 Dungeon Crawl Stone Soup version 0.21.1-1-g345015f (webtiles) character file.

55 lotte the Chopper (level 3, 17/36 HPs)
             Began as a Deep Dwarf Berserker on June 24, 2018.
             Was a Believer of Trog.
             Quit the game on level 2 of the Dungeon.
             The game lasted 00:06:48 (1498 turns).

lotte the Chopper (Deep Dwarf Berserker)            Turns: 1498, Time: 00:06:49

Health: 17/36      AC:  5    Str: 21    XL:     3   Next: 67%
Magic:  3/3        EV: 11    Int:  7    God:    Trog [**....]
Gold:   30         SH:  0    Dex: 12    Spells: 2/2 levels left

rFire    . . .     SeeInvis .   a - +0 hand axe
rCold    . . .     Gourm    .   (no shield)
rNeg     . . .     Faith    .   f - -1 ring mail (curse)
rPois    +         Spirit   .   (no helmet)
rElec    .         Reflect  .   (no cloak)
rCorr    .         Harm     .   (no gloves)
MR       .....                  d - +0 pair of boots
Stlth    +.........             (no amulet)
HPRegen  0.00/turn              i - ring of poison resistance
MPRegen  0.08/turn              (no ring)

@: non-regenerating
A: damage resistance, heal wounds, sense surroundings 1, no regeneration
a: Heal Wounds, Berserk, Trog's Hand, Burn Spellbooks, Renounce Religion


You were on level 2 of the Dungeon.
You worshipped Trog.
Trog was pleased with you.
You were hungry.

You visited 1 branch of the dungeon, and saw 2 of its levels.

You collected 30 gold pieces.

Inventory:

Hand Weapons
 a - a +0 hand axe (weapon)
Armour
 b - a +0 animal skin
 d - a +0 pair of boots (worn)
 f - a cursed -1 ring mail (worn)
 h - a cursed +0 robe
Jewellery
 i - a ring of poison resistance (left hand)
Scrolls
 e - a scroll of teleportation {unknown}
 g - a scroll of immolation {unknown}
 j - a scroll of blinking {unknown}
 k - 2 scrolls of identify {unknown}
 m - a scroll of remove curse {unknown}
Potions
 l - a potion of degeneration {unknown}
Comestibles
 c - 3 rations
 n - a chunk of flesh


   Skills:
 * Level 3.6 Fighting
 + Level 4.0 Axes
 + Level 2.3 Armour
 - Level 2.1 Dodging
 + Level 0.4 Stealth


You had 2 spell levels left.
You didn't know any spells.

Dungeon Overview and Level Annotations

Branches:
Dungeon (2/15)

Altars:


Innate Abilities, Weirdness & Mutations

You are resistant to damage.
You can heal yourself by infusing magical energy.
You passively map a small area around you.
You do not regenerate.


Message History

You are feeling hungry.
The hobgoblin hits you.
You barely miss the hobgoblin. The hobgoblin barely misses you.
You barely miss the hobgoblin. The hobgoblin completely misses you.
You barely miss the hobgoblin. The hobgoblin hits you.
You hit the hobgoblin.
The hobgoblin is severely wounded.
The hobgoblin hits you.
You closely miss the hobgoblin.
The hobgoblin is severely wounded.
The hobgoblin misses you. The hobgoblin barely misses you.
You slash the hobgoblin!
You kill the hobgoblin!
Trog accepts your kill.
You see here a hobgoblin corpse.
Drop what? 14/52 slots (_ for help) (? for menu, Esc to quit)
Okay, then.
Unknown command.
Unknown command.
Are you sure you want to abandon this character and quit the game? (Confirm with "yes".)

###..##* * #.##.#*,
#...# * #.##.# *
###..#.#* #.##.#
#....#.# ####†##.# #,#
#.##.#,. ..##.##.##.#.##
#.##.#####.##...........
,
.#..(....#<###...##...##
, *
#)##....................
#.######.#.###..@###..##
, #.# #.......###.## * #
#.# #.##.#..# #†# *
#.###.#..#..###.####..#
#>....................#
#####.#..##.###########
# #.##.##.# # #.......#
########.####


There were no monsters in sight!

Vanquished Creatures
  An adder (D:2)
  An ooze (D:1)
  2 dart slugs (D:1)
  2 leopard geckos (D:1)
  2 ball pythons
  2 giant cockroaches (D:1)
  5 goblins
  4 hobgoblins
  3 jackals (D:1)
  7 kobolds
  A bat (D:1)
  4 frilled lizards
  2 rats (D:1)
36 creatures vanquished.

Notes
Turn   | Place    | Note
-------+----------+-------------------------------------------
     0 | D:1      | lotte the Deep Dwarf Berserker began the quest for the Orb.
     0 | D:1      | Reached XP level 1. HP: 20/20 MP: 1/1
   206 | D:1      | Reached XP level 2. HP: 14/28 MP: 2/2
   569 | D:1      | Reached ** piety under Trog
   684 | D:1      | Reached XP level 3. HP: 25/34 MP: 3/3
  1398 | D:2      | Reached skill level 4 in Axes
  1498 | D:2      | Quit the game

Skill      XL: |  1  2  3 |
---------------+----------+-----
Fighting       | 3 |  3.6
Axes           | 4 |  4.0
Armour         | |  2.3
Dodging        | |  2.1
Stealth        | |  0.4

Action                   || total
-------------------------++-------
Melee: Hand axe          ||   129
Invok: Trog's Hand       ||     1
  Eat: Chunk             ||     2
Armor: Animal skin       ||    12
       Ring mail         ||    39
Dodge: Dodged            ||    76
